 Dungeon Crawl Stone Soup version 0.16-a0-3946-g4f19e5c (webtiles) character file.

32 Ololoev the Charmwright (level 3, -3/27 HPs)
             Began as a Mummy Skald on Feb 9, 2015.
             Slain by a goblin (4 damage)
             ... led by Robin
             ... on level 2 of the Dungeon.
             The game lasted 00:02:17 (1458 turns).

Ololoev the Charmwright (Mummy Skald)               Turns: 1458, Time: 00:02:17

Health: -3/27      AC:  3    Str: 15    XL:     3   Next: 8%
Magic:  6/6        EV: 11    Int: 12    God:
Gold:   81         SH:  0    Dex: 11    Spells: 2 memorised, 3 levels left

rFire  x . .     SeeInvis .     a - +0 spear
rCold  + . .     Clarity  .     b - +0 leather armour
rNeg   + + +     SustAb   .     (no shield)
rPois  ∞         Gourm    .     (no helmet)
rElec  .         Spirit   .     (no cloak)
rCorr  .         Warding  .     (no gloves)
rMut   .         Stasis   .     (no boots)
MR     .....                    (no amulet)
Stlth  +.........               (no ring)
                                (no ring)

@: not resistant to hostile enchantments, very unstealthy
A: no food or potions, fire vulnerability, restore body, cold resistance 1,
negative energy resistance 3, poison resistance, torment resistance, unbreathing
a: no special abilities


You were on level 2 of the Dungeon.
You were not hungry.

You visited 1 branch of the dungeon, and saw 2 of its levels.

You collected 81 gold pieces.

Notes
Turn   | Place    | Note
--------------------------------------------------------------
     0 | D:1      | Ololoev, the Mummy Skald, began the quest for the Orb.
     0 | D:1      | Reached XP level 1. HP: 16/16 MP: 3/3
   726 | D:1      | Reached XP level 2. HP: 22/22 MP: 4/4
   730 | D:1      | Learned a level 2 spell: Song of Slaying
  1249 | D:2      | Reached XP level 3. HP: 22/27 MP: 6/6
  1450 | D:2      | Noticed Robin
  1458 | D:2      | HP: 1/27 [goblin[Robin] (2)]
  1458 | D:2      | Slain by a goblin

Inventory:

Hand weapons
 a - a +0 spear (weapon)
Armour
 b - a +0 leather armour (worn)
Scrolls
 d - a scroll of blinking {unknown}
 e - a scroll of recharging {unknown}
 f - a scroll of random uselessness {unknown}
 g - a scroll of remove curse {unknown}
 h - a scroll of noise {unknown}
 i - a scroll of enchant armour {unknown}
Books
 c - a book of Battle

   Spells                             Type                      Level
   a - Infusion                       Charms                       1
   b - Shroud of Golubria             Charms/Translocation         2
   c - Song of Slaying                Charms                       2
   d - Spectral Weapon                Hexes/Charms                 3
   e - Regeneration                   Charms/Necromancy            3

Table legend:
 A = Turns spent in this place as a percentage of turns spent in the entire game.
 B = Non-inter-level travel turns spent in this place as a percentage of non-inter-level travel turns spent in the entire game.
 C = Inter-level travel turns spent in this place as a percentage of turns spent in this place.
 D = Turns resting spent in this place as a percentage of non-inter-level travel turns spent in this place.
 E = Turns spent auto-exploring this place as a percentage of non-inter-level travel turns spent in this place.
 F = Non-inter-level travel turns spent in this place divided by the number of levels of this place that you've seen.
                   A       B       C       D       E      F
               +-------+-------+-------+-------+-------+----------------------
         Total | 100.0 | 100.0 |   0.3 |   5.0 |  15.3 | 160.5
       Dungeon | 100.0 | 100.0 |   0.3 |   5.0 |  15.3 | 160.5
               +-------+-------+-------+-------+-------+----------------------


   Skills:
 - Level 2.0 Fighting
 + Level 2.5 Polearms
 - Level 0.7 Armour
 - Level 0.7 Dodging
 - Level 2.0 Spellcasting
 + Level 2.8 Charms


You had 3 spell levels left.
You knew the following spells:

 Your Spells              Type           Power        Failure   Level  Hunger
a - Infusion              Chrm           #.....       12%         1    N/A
b - Song of Slaying       Chrm           #.......     17%         2    N/A

Dungeon Overview and Level Annotations

Branches:
Dungeon (2/15)

Altars:

Annotations:
D:2 Robin


Innate Abilities, Weirdness & Mutations

You do not eat or drink.
Your flesh is vulnerable to fire.
Your flesh is cold resistant.
You are immune to negative energy.
Your system is resistant to poisons.
You are immune to unholy pain and torment.
You can survive without breathing.


Message History

The goblins go into a battle-frenzy!
Robin zaps a wand.
Your will is overpowered!
You are confused.
It is a wand of enslavement.
You bump into the rock wall.
The goblin shouts!
Robin throws the goblin at you! 2 goblins come into view.
You bump into the rock wall.
The goblin shouts! x2
The goblin misses you. The goblin hits you.
You closely miss the goblin.
The goblin shouts!
The goblin completely misses you. The goblin hits you.
A hobgoblin comes into view. It is wielding a club.
You closely miss the hobgoblin.
The hobgoblin shouts!
The goblin completely misses you. The hobgoblin closely misses you.
Robin points. "Kill!"
The goblin barely misses you.
You miss the goblin. The goblin hits you but does no damage.
Robin throws the goblin at you! The hobgoblin closely misses you.
The goblin hits you but does no damage.
A goblin comes into view. It is wielding a club.
You miss the goblin.
The goblin shouts!
The goblin misses you. The goblin barely misses you.
The goblin hits you with a club. The hobgoblin hits you with a club.
The goblin barely misses you.
You hit the goblin.
The goblin is severely wounded.
You feel less confused. The goblin hits you. The goblin barely misses you.
The goblin hits you. The goblin hits you with a club.
The hobgoblin hits you with a club. The goblin barely misses you.
Unknown command.
You closely miss the goblin.
The goblin is severely wounded.
The goblin hits you. x2
You die...

.# ######## .#
######......####.####
#...................#
#.####.....#####..#.#
####.## ####...# ..#
#.....#####g.#..# ..#
#...<.....gg###...#.g#
#.........g@g#..#.#..#
#.....#####ggg..g....g
#..........g...g.....g
#.#..#.######.##..>.
#.#..#!# #.##.##
#.#..#.# #.##.#
#.#..#.# #.##)#
#.#..#.######....#
#........)...##..#


You could see Robin, a hobgoblin (frenzied) and 9 goblins.

Table legend:
 A = Kills in this place as a percentage of kills in entire the game.
 B = Kills by you in this place as a percentage of kills by you in the entire game.
 C = Kills by friends in this place as a percentage of kills by friends in the entire game.
 D = Other kills in this place as a percentage of other kills in the entire game.
 E = Experience gained in this place as a percentage of experience gained in the entire game.
 F = Experience gained in this place divided by the number of levels of this place that you have seen.
                   A       B       C       D       E      F
               +-------+-------+-------+-------+-------+----------------------
         Total | 100.0 | 100.0 |  -nan |  -nan | 100.0 |  23.0
       Dungeon | 100.0 | 100.0 |  -nan |  -nan | 100.0 |  23.0
               +-------+-------+-------+-------+-------+----------------------

Vanquished Creatures
  An adder (D:2)
  A worm (D:2)
  A bat (D:2)
  A giant cockroach (D:2)
  3 hobgoblins
  5 kobolds
  An ooze (D:1)
  A ball python (D:1)
  A giant newt (D:1)
  A goblin (D:2)
  A quokka (D:2)
  A rat (D:1)
18 creatures vanquished.

Action                   || total
-------------------------++-------
Melee: Spear             ||    88
 Cast: Infusion          ||     2
       Song of Slaying   ||     1

Vault maps used:
D:1:      saegor_arrival_under_anarchy
D:2:      nicolae_overflow_hidden_temple, gammafunk_temple_overflow_pools,
          uniq_robin
